 Dungeon Crawl Stone Soup version 0.29-a0-284-gf9362112df (webtiles) character file.

Game seed: 14252292668783859624

84526 ooooo the Gelid (level 15, 0/81 HPs)
             Began as an Octopode Conjurer on Mar 14, 2022.
             Was an Initiate of Gozag.
             Slain by a ghost moth (9 damage)
             ... on level 2 of the Spider Nest.
             The game lasted 01:26:30 (39929 turns).

ooooo the Gelid (Octopode Conjurer)                Turns: 39929, Time: 01:26:31

Health: 0/81       AC:  9    Str:  5 (6)  XL:     15   Next: 80%
Magic:  5/30       EV: 16    Int: 28 (31) God:    Gozag
Gold:   4307       SH:  0    Dex:  5 (12) Spells: 17/36 levels left

rFire   . . .      SeeInvis .   T - +8 trident of the Octopus King {venom, rElec rPois}
rCold   + + .      Faith    .   (no shield)
rNeg    . . .      Spirit   .   b - +0 hat of the Journeyman {Regen+ Int+4}
rPois   +          Reflect  .   W - amulet of regeneration
rElec   +          Harm     .   e - +4 ring of evasion
rCorr   .          Rampage  .   f - +4 ring of protection
Will    +++..                   n - ring of willpower
Stlth   +++.......              o - ring of willpower
HPRegen 1.83/turn               v - ring of protection from cold
MPRegen 0.22/turn               s - ring of wizardry
                                J - ring of protection from cold
                                E - +4 ring of protection

@: mighty, on berserk cooldown, slowed, invisible, very slow
A: almost no armour, amphibious, 8 rings, camouflage 1, gelatinous body 1,
(nimble swimmer 1), tentacles
a: Renounce Religion, Potion Petition, Call Merchant, Bribe Branch


You were on level 2 of the Spider Nest.
You worshipped Gozag.
Gozag was most pleased with you.
You visited 4 branches of the dungeon, and saw 18 of its levels.

You collected 5633 gold pieces.
You paid 1326 gold pieces to Gozag.

Inventory:

Hand Weapons
 d - a +0 vampiric dagger
 g - a +0 dagger of freezing
 t - a +3 mace of protection
 T - the +8 trident of the Octopus King (weapon) {venom, rElec rPois}
   (You found it on level 6 of the Lair of Beasts)

   It poisons the flesh of those it strikes.
   rElec:     It insulates you from electricity.
   rPois:     It protects you from poison.
Missiles
 h - 17 poisoned darts (quivered)
 j - 9 throwing nets
Armour
 b - the +0 hat of the Journeyman (worn) {Regen+ Int+4}
   (You acquired it on level 3 of the Dungeon)

   Int:       It affects your intelligence (+4).
   Regen:     It increases your rate of health regeneration.
 u - an orb of wrath
Jewellery
 e - a +4 ring of evasion (left tentacle)
 f - a +4 ring of protection (right tentacle)
 n - a ring of willpower (on tentacle)
 o - a ring of willpower (on tentacle)
 p - a ring of ice
 s - a ring of wizardry (on tentacle)
 v - a ring of protection from cold (on tentacle)
 E - a +4 ring of protection (on tentacle)
 J - a ring of protection from cold (on tentacle)
 L - a ring of ice
 O - a ring of poison resistance
 V - a ring of fire
 W - an amulet of regeneration (around mantle)
 X - the ring of Xom's Entertainment {*Slow rF+++ EV+4 Dex+4}
   (You found it on level 1 of the Spider Nest)

   [ring of evasion]

   EV:        It affects your evasion (+4).
   Dex:       It affects your dexterity (+4).
   rF:        It renders you almost immune to fire.
   *Slow:     It may slow you when you take damage.
 Z - a +6 ring of strength
Wands
 c - a wand of polymorph (13)
 y - a wand of charming (7)
 D - a wand of iceblast (5)
 S - a wand of flame (33)
Scrolls
 a - 3 scrolls of identify
 i - 6 scrolls of fog
 m - a scroll of silence
 w - 5 scrolls of amnesia
 x - 3 scrolls of teleportation
 z - a scroll of holy word
 B - 2 scrolls of enchant armour
 H - a scroll of fear
 K - a scroll of blinking
 M - a scroll of torment
 P - a scroll of immolation
 Y - a scroll of brand weapon
Potions
 l - 2 potions of ambrosia
 q - 6 potions of attraction
 r - a potion of resistance
 A - 5 potions of lignification
 C - a potion of brilliance
 F - 3 potions of might
 G - 12 potions of curing
 I - a potion of flight
 N - 2 potions of haste
 Q - 2 potions of cancellation
 R - a potion of mutation
 U - a potion of invisibility


   Skills:
 - Level 2.0 Dodging
 - Level 2.6 Stealth
 + Level 11.3 Spellcasting
 + Level 13.2 Conjurations
 + Level 12.3 Hexes
 * Level 18.0 Ice Magic


You had 17 spell levels left.
You knew the following spells:

 Your Spells              Type           Power      Damage    Failure   Level
a - Ozocubu's Refrigerat  Ice            43%        4d13      1%          7
b - Fulminant Prism       Conj/Hex       36%        3d18      1%          4
c - Metabolic Englaciati  Hex/Ice        39%        N/A       1%          5
o - Ozocubu's Armour      Ice            87%        N/A       0%          3

Your spell library contained the following spells:

 Spells                   Type           Power      Damage    Failure   Level
 Magic Dart               Conj           100%       1d8       0%          1
 Searing Ray              Conj           100%       2d8       0%          2
 Animate Skeleton         Necr           30%        N/A       1%          1
 Foxfire                  Conj/Fire      100%       2x1d9     1%          1
 Pain                     Necr           60%        1d7       1%          1
 Shock                    Conj/Air       100%       1d9       1%          1
 Sting                    Tmut/Pois      60%        1d6       1%          1
 Conjure Flame            Conj/Fire      52%        6-21      1%          3
 Dazzling Flash           Conj/Hex       100%       N/A       1%          3
 Inner Flame              Hex/Fire       50%        N/A       1%          3
 Portal Projectile        Hex/Tloc       100%       N/A       1%          3
 Flame Wave               Conj/Fire      52%        2d11      1%          4
 Iskenderun's Mystic Bla  Conj/Tloc      52%        2d11      1%          4
 Corpse Rot               Necr/Air       30%        N/A       2%          2
 Poisonous Vapours        Pois/Air       30%        N/A       2%          2
 Sublimation of Blood     Necr           15%        N/A       2%          2
 Irradiate                Conj/Tmut      26%        3d22      2%          5
 Swiftness                Air            15%        N/A       4%          3
 Vampiric Draining        Necr           15%        2d7       4%          3
 Simulacrum               Ice/Necr       30%        N/A       5%          6
 Airstrike                Air            7%         N/A       14%         4
 Dispel Undead            Necr           15%        3d10      14%         4
 Olgreb's Toxic Radiance  Pois           15%        N/A       14%         4
 Petrify                  Tmut/Erth      15%        N/A       14%         4
 Blade Hands              Tmut           7%         N/A       34%         5
 Excruciating Wounds      Necr           7%         N/A       34%         5
 Summon Forest            Summ/Tloc      7%         N/A       34%         5
 Death Channel            Necr           7%         N/A       88%         6
 Eringya's Noxious Bog    Tmut/Pois      7%         N/A       88%         6
 Summon Hydra             Summ           7%         N/A       100%        7


Dungeon Overview and Level Annotations

Branches:
Dungeon (9/15)             Temple (1/1) D:6            Lair (6/6) D:8
  Swamp (0/4) Lair:2       Spider (2/4) Lair:3        Slime (0/5) Lair:6
    Orc: D:9-12

Altars:
Ashenzari
Cheibriados
Dithmenos
Elyvilon
Fedhas
Gozag
Hepliaklqana
Kikubaaqudgha
Makhleb
Nemelex Xobeh
Okawaru
Qazlal
Ru
Sif Muna
Trog
Uskayaw
Vehumet
Wu Jian
Xom
Yredelemnul
Zin
The Shining One

Annotations:
D:6 1 runed translucent door, spaghetti's ghost, novice OpCK
Spider:2 Arachne


Innate Abilities, Weirdness & Mutations

You cannot wear most types of armour.
You are amphibious.
You can wear up to eight rings at the same time.
Your skin changes colour to match your surroundings (Stealth+).
Your rubbery body absorbs attacks. (AC +1, EV +1)
((You are camouflaged when in or above water. (Stealth+)))
You have tentacles for arms and can constrict up to eight enemies at once.


Message History

Press: ? - help, Shift-Dir - straight line The mass of ice explodes!
The iceblast engulfs something!
Unknown command.
Aiming: Iceblast
Press: ? - help, Shift-Dir - straight line The mass of ice explodes!
The iceblast engulfs something.
Unknown command.
Something hits you!! Something hits you!
* * * LOW HITPOINT WARNING * * *
Something stings you.
* * * LOW HITPOINT WARNING * * *
You feel dopey. [a] - 377 gold - heal wounds, curing and berserk rage [b] - 294 gold - resistance and might [c] - 450 gold - might, brilliance and resistance Purchase which effect?
You feel much better.
You feel better.
A red film seems to cover your vision as you go berserk!
You feel yourself moving faster!
You feel mighty! Something hits you! Something hits you but does no damage.
Something stings you!
You feel clumsy.
You feel a strong urge to attack something.
Something hits you!
* * * LOW HITPOINT WARNING * * *
Something hits you but does no damage. Something barely misses you.
You feel your anger nearly subside. Something closely misses you.
Something barely misses you. Something stings you.
* * * LOW HITPOINT WARNING * * *
You are no longer berserk.
You are exhausted.
You feel yourself slow down. Something hits you.
* * * LOW HITPOINT WARNING * * *
Something hits you!
* * * LOW HITPOINT WARNING * * *
You feel dopey. Something stings you!
You die...
Your body crumbles into a pile of gold.

*,*,,**,**,,,*,,*#.#....#..##
**,,,*,,,**^*#..,**###......# ##
**,,,*,,)*,,**..,*,..##..##.# ##.
)**,**,,**,,,##.##,....#....###..
,**,***,,*,**#...#..#.....#......
,*****,,*###*#..^######.#..#....#
**^^**,,,#...##^.#.#.##.#..^.##..
,,,,,**,,*#....#....##..#..#####.
,*,,,*,,**,,,##.@.#.^#..#..## #..
*******,,****#..##.^##..#...# ###
**(,,,,,***,,#...##.##..#..## #
,**,,,,,^*,,,#...#.....#...#
,*,,,,*,,**,*##..#.#.....#.#
*******,***,*#..######...###
*,[****,,*(......**#.....#
,,,,,**,,#.......##......#
,*,,,**,,#......###......#


There were no monsters in sight!

Vanquished Creatures
  An emperor scorpion (Spider:2)
  4 broodmothers
  2 spark wasps
  Josephine (Lair:5)
  Harold (Lair:1)
  8 hydras
  Fannar (Lair:3)
  A jorogumo (Spider:2)
  2 boulder beetles
  2 catoblepae
  A merfolk avatar (Lair:6)
  2 radroaches
  A satyr (Lair:4)
  4 death yaks (Lair:3)
  A sea snake (Lair:6)
  6 pharaoh ants
  7 steelbarb worms
  4 orb spiders
  Pikel (D:4)
  13 wolf spiders
  4 manticores (Lair:6)
  A moth of wrath (Spider:1)
  6 black mambas
  Maggie (D:7)
  An eye of devastation (Lair:6)
  4 torpor snails
  5 demonic crawlers
  4 rime drakes
  13 cane toads
  13 komodo dragons
  A troll (D:8)
  3 polar bears
  Prince Ribbit (D:7)
  A meliai (Lair:3)
  4 hornets
  A wind drake (Lair:6)
  23 blink frogs
  17 tarantellas
  A snapping turtle (Lair:6)
  24 jumping spiders
  22 culicivoras
  5 wyverns
  2 wraiths (Lair:5)
  26 yaks
  Eustachio (D:5)
  A steam dragon (Lair:6)
  4 basilisks
  36 redbacks
  16 water moccasins
  Duvessa (D:6)
  A floating eye (Lair:6)
  An orc warrior (D:6)
  A sky beast (D:7)
  2 ice beasts
  5 black bears
  2 ogres
  13 wolves
  3 centaurs
  3 scorpions
  Blork the orc (D:5)
  11 bullfrogs
  3 necrophages
  2 gnoll sergeants
  5 wights (D:3)
  Dowan (D:6)
  8 killer bees
  6 electric eels
  2 vampire bats (Lair:6)
  14 hounds
  2 jellies (D:6)
  9 orc priests
  2 iguanas (D:6)
  A gnoll shaman (D:8)
  3 orc wizards
  24 gnolls
  11 adders
  2 shadow imps
  A white imp (D:6)
  An ufetubus (D:6)
  3 worms
  3 dart slugs
  35 orcs
  8 ball pythons
  9 endoplasms
  3 giant cockroaches
  5 goblins
  7 hobgoblins
  A quokka (D:2)
  9 bats
  A frilled lizard (D:2)
  8 kobolds
  2 rats (D:2)
  A bush (Lair:6)
  A butterfly (Lair:1)
541 creatures vanquished.

Vanquished Creatures (others)
  A white imp (D:7)
  84 fulminant prisms
  87 fungi
  151 plants
323 creatures vanquished.

Grand Total: 864 creatures vanquished

Notes
Turn   | Place    | Note
-------+----------+-------------------------------------------
     0 | D:1      | ooooo the Octopode Conjurer began the quest for the Orb.
     0 | D:1      | Reached XP level 1. HP: 11/11 MP: 3/3
   438 | D:1      | Reached XP level 2. HP: 17/17 MP: 0/5
   965 | D:1      | Found a faded altar of an unknown god.
  1061 | D:2      | Reached XP level 3. HP: 18/21 MP: 4/7
  1065 | D:2      | Learned a level 3 spell: Ozocubu's Armour
  1801 | D:2      | Reached skill level 1 in Ice Magic
  1801 | D:2      | Reached XP level 4. HP: 16/27 MP: 1/8
  2041 | D:2      | Learned a level 4 spell: Fulminant Prism
  2501 | D:2      | Reached XP level 5. HP: 31/31 MP: 9/9
  2671 | D:2      | Reached skill level 1 in Hexes
  3375 | D:3      | Reached skill level 5 in Conjurations
  3397 | D:3      | Reached skill level 2 in Ice Magic
  3528 | D:3      | Reached XP level 6. HP: 13/36 MP: 8/11
  3529 | D:3      | HP: 1/36 [wight/+2 war axe (11)]
  4025 | D:3      | Reached skill level 3 in Ice Magic
  4436 | D:3      | Reached XP level 7. HP: 16/41 MP: 8/12
  5921 | D:3      | Identified a scroll of acquirement
  5921 | D:3      | Acquired the +0 hat of the Journeyman {Regen+ Int+4}
  6320 | D:4      | Found a white marble altar of Elyvilon.
  6411 | D:4      | Found a hazy altar of Hepliaklqana.
  6887 | D:5      | Entered Level 5 of the Dungeon
  6894 | D:5      | Reached skill level 4 in Ice Magic
  6939 | D:5      | Found a sacrificial altar of Ru.
  6989 | D:5      | Reached skill level 5 in Ice Magic
  7122 | D:5      | Noticed Pikel
  7153 | D:4      | Killed Pikel
  7154 | D:4      | Reached skill level 7 in Ice Magic
  7154 | D:4      | Reached XP level 8. HP: 31/46 MP: 10/14
  7349 | D:5      | Noticed Blork the orc
  7393 | D:5      | Reached skill level 8 in Ice Magic
  7396 | D:5      | Noticed a hornet
  7402 | D:5      | Noticed Eustachio
  7622 | D:5      | Killed Eustachio
  7801 | D:5      | Found a burning altar of Makhleb.
  7865 | D:5      | Reached XP level 9. HP: 51/51 MP: 7/15
  8055 | D:5      | Killed a hornet
  8865 | D:5      | Killed Blork the orc
  8866 | D:5      | Reached skill level 9 in Ice Magic
  8879 | D:5      | Learned a level 7 spell: Ozocubu's Refrigeration
  8932 | D:6      | You fall into a shaft and drop 3 floors!
  9449 | D:7      | Found a radiant altar of Vehumet.
  9732 | D:7      | Noticed Maggie
 10032 | D:6      | Found a staircase to the Ecumenical Temple.
 10040 | Temple   | Entered the Ecumenical Temple
 10209 | Temple   | Became a worshipper of Gozag Ym Sagoz the Greedy
 10304 | D:6      | Noticed spaghetti's ghost (novice OpCK)
 10305 | D:6      | Found a runed translucent door.
 10387 | D:6      | Found a shadowy altar of Dithmenos.
 10458 | D:6      | Found a blossoming altar of Fedhas.
 10459 | D:6      | Found a glowing silver altar of Zin.
 10461 | D:6      | Found a snail-covered altar of Cheibriados.
 10462 | D:6      | Found an iron altar of Okawaru.
 10750 | D:6      | Reached skill level 5 in Hexes
 10866 | D:6      | Reached skill level 10 in Ice Magic
 10892 | D:6      | Noticed Dowan
 10895 | D:6      | Noticed Duvessa
 10922 | D:6      | Killed Duvessa
 10923 | D:6      | Reached XP level 10. HP: 56/56 MP: 10/17
 10929 | D:6      | Killed Dowan
 10930 | D:6      | Reached skill level 5 in Spellcasting
 11538 | D:7      | Found a sparkling altar of Nemelex Xobeh.
 11571 | D:7      | Noticed Prince Ribbit
 11614 | D:7      | Killed Prince Ribbit
 11891 | D:7      | Found a stormy altar of Qazlal.
 12084 | D:7      | Found a shimmering altar of Xom.
 12159 | D:7      | Killed Maggie
 12516 | D:8      | Reached skill level 11 in Ice Magic
 13715 | D:8      | Found a staircase to the Lair.
 14083 | Lair:1   | Entered Level 1 of the Lair of Beasts
 14644 | Lair:1   | Noticed a black mamba
 14657 | Lair:1   | Killed a black mamba
 14658 | Lair:1   | Reached XP level 11. HP: 37/61 MP: 4/20
 15089 | D:8      | Acquired 1129 gold pieces
 15259 | Lair:1   | Reached skill level 12 in Ice Magic
 15495 | Lair:1   | Noticed Harold
 15542 | Lair:1   | Killed Harold
 17546 | Lair:2   | Found a staircase to the Swamp.
 18143 | Lair:3   | Noticed a seven-headed hydra
 18145 | Lair:3   | Killed a seven-headed hydra
 18146 | Lair:3   | Reached XP level 12. HP: 66/66 MP: 7/23
 18252 | Lair:3   | Noticed a death yak
 18252 | Lair:3   | Noticed a death yak
 18252 | Lair:3   | Noticed a death yak
 18254 | Lair:3   | Noticed a death yak
 18260 | Lair:3   | Killed a death yak
 18261 | Lair:3   | Reached skill level 13 in Ice Magic
 18263 | Lair:3   | Killed a death yak
 18685 | Lair:3   | Noticed a five-headed hydra
 18706 | Lair:3   | Killed a five-headed hydra
 18857 | Lair:3   | Noticed a four-headed hydra
 18865 | Lair:3   | Killed a four-headed hydra
 18891 | Lair:3   | Noticed Fannar
 19000 | Lair:3   | Killed Fannar
 19240 | Lair:3   | Reached skill level 10 in Conjurations
 19468 | Lair:3   | Killed a death yak
 19468 | Lair:3   | Killed a death yak
 19751 | Lair:3   | Found a hole to the Spider Nest.
 19889 | Lair:3   | Reached skill level 14 in Ice Magic
 20589 | Lair:4   | Noticed a catoblepas
 20650 | Lair:4   | Reached XP level 13. HP: 45/71 MP: 4/25
 22712 | Lair:4   | You fall into a shaft and drop 1 floor!
 23551 | Lair:5   | Noticed Josephine
 23554 | Lair:5   | Killed Josephine
 23835 | Lair:5   | Reached skill level 15 in Ice Magic
 24697 | Lair:6   | Entered Level 6 of the Lair of Beasts
 25000 | Lair:6   | Reached skill level 10 in Hexes
 25632 | Lair:6   | Found a staircase to the Slime Pits.
 25839 | Lair:6   | Paralysed by a floating eye for 2 turns
 26349 | Lair:6   | Reached XP level 14. HP: 76/76 MP: 3/27
 27749 | Lair:6   | Found the +8 trident of the Octopus King {venom, rElec
                  | rPois}
 27764 | Lair:6   | Reached skill level 16 in Ice Magic
 27830 | Lair:6   | Paralysed by a hornet for 2 turns
 28914 | Spider:1 | Entered Level 1 of the Spider Nest
 28915 | Spider:1 | Noticed a broodmother
 28925 | Lair:3   | Reached skill level 10 in Spellcasting
 29163 | Lair:3   | Killed a broodmother
 29755 | Spider:1 | Noticed a broodmother
 29765 | Lair:3   | Killed a broodmother
 31053 | Spider:1 | Noticed a broodmother
 31068 | Spider:1 | Killed a broodmother
 31653 | Spider:1 | Noticed a broodmother
 31668 | Spider:1 | Killed a broodmother
 32933 | Spider:1 | Reached skill level 17 in Ice Magic
 33322 | Spider:1 | Reached XP level 15. HP: 58/81 MP: 16/29
 35098 | Spider:1 | Identified the ring of Xom's Entertainment {*Slow rF+++
                  | EV+4 Dex+4}
 36418 | Spider:2 | Noticed an emperor scorpion
 36438 | Spider:2 | Killed an emperor scorpion
 38738 | Spider:2 | Noticed Arachne
 38808 | Spider:2 | Reached skill level 18 in Ice Magic
 39799 | Spider:2 | Learned a level 5 spell: Metabolic Englaciation
 39929 | Spider:2 | Slain by a ghost moth

Illustrated notes

Levels and vault maps discovered:
D:1:      kennysheep_arrival_forest, layout_rooms,
          hellmonk_ecumenical_altar_inner_sanctum
D:2:      layout_rooms, minmay_heptomino_h4
D:3:      layout_basic, nicolae_concentric_dashed_squares_mild
D:4:      layout_loops_ring, kennysheep_little_box, amcnicky_altar_gilded,
          bh_walls_and_bars
D:5:      layout_basic, old_standard_altar, makhleb_blood_cavern_becter,
          uniq_pikel, uniq_grinder, uniq_eustachio, uniq_blork_the_orc
D:6:      layout_loops_ring, minitemple, minmay_temple_entry_statues_fountains,
          hellmonk_ghost_happy_afterlife, grunt_tough_drop, uniq_duvessa
D:7:      layout_rooms, vehumet_altar_wand_db,
          mainiacjoe_overflow_surrounded_room, mainiacjoe_overflow_alcove_4,
          nicolae_overflow_crystal_walls, uniq_prince_ribbit1, uniq_maggie
D:8:      layout_basic, erik_lair_island, serial_park_tiny_2
D:9:      layout_roguey, uniq_grum
Temple:   grunt_temple_mini_profane
Lair:1:   layout_cave_pods, lemuel_fruit_fields, grunt_megastairs_1, uniq_harold
Lair:2:   layout_loops_ring, swamp_mist_pool, minivault_23
Lair:3:   layout_long_grid, hellmonk_spider_entry_not_the_bees, uniq_fannar
Lair:4:   layout_regular_city, grunt_megastairs_5, serial_bayou_shore_a
Lair:5:   layout_long_grid, serial_forest, infiniplex_forest_straight_5,
          infiniplex_forest_join, infiniplex_forest_zigzag_1,
          infiniplex_forest_clump_tiny, uniq_josephine
Lair:6:   gammafunk_lair_ancient_temple, layout_regular_city,
          minmay_slime_entry_eyes, roderic_batcave
Spider:1: nicolae_spider_mines_1, hive_lemuel
Spider:2: nicolae_spider_hilbert_zone_3 [nicolae_spider_hilbert_4_sides_2_open,
          nicolae_spider_hilbert_3_sides_1_open,
          nicolae_spider_hilbert_3_sides_1_open,
          nicolae_spider_hilbert_3_sides_1_open,
          nicolae_spider_hilbert_3_sides_1_open,
          nicolae_spider_hilbert_4_sides_1_open,
          nicolae_spider_hilbert_4_sides_1_open,
          nicolae_spider_hilbert_4_sides_1_open,
          nicolae_spider_hilbert_4_sides_1_open,
          nicolae_spider_hilbert_4_sides_1_open,
          nicolae_spider_hilbert_4_sides_1_open,
          nicolae_spider_hilbert_4_sides_1_open,
          nicolae_spider_hilbert_4_sides_1_open,
          nicolae_spider_hilbert_3_sides_1_open,
          nicolae_spider_hilbert_3_sides_1_open,
          nicolae_spider_hilbert_3_sides_1_open,
          nicolae_spider_hilbert_3_sides_1_open], uniq_arachne

Skill      XL: |  1  2  3  4  5  6  7  8  9 10 11 12 13 14 15 |
---------------+----------------------------------------------+-----
Spellcasting   | 3 4 6 7 8 9 10 11 | 11.3
Ice Magic      | 1 2 3 7 8 10 11 12 14 15 17 18 | 18.0
Hexes          | 1 2 3 5 6 7 9 10 11 12 | 12.3
Conjurations   | 5 6 7 8 9 10 11 12 13 | 13.2
Dodging        | |  2.0
Stealth        | |  2.6

Action                   |  1- 3 |  4- 6 |  7- 9 | 10-12 | 13-15 || total
-------------------------+-------+-------+-------+-------+-------++-------
Melee: Unarmed           |    41 |       |       |       |       ||    41
       Constrict         |    14 |    22 |    55 |    28 |    35 ||   154
       Tentacles         |    17 |    30 |    72 |    54 |   108 ||   281
       Dagger            |    20 |   109 |   202 |       |       ||   331
       Punch             |       |     2 |     2 |     4 |     5 ||    13
       Mace              |       |       |    66 |   170 |   105 ||   341
       Trident           |       |       |       |       |   184 ||   184
Throw: Dart              |     5 |       |     1 |       |       ||     6
 Cast: Magic Dart        |    25 |     1 |       |       |       ||    26
       Ozocubu's Armour  |     2 |    10 |    35 |    13 |    27 ||    87
       Fulminant Prism   |       |     1 |    22 |    29 |    32 ||    84
       Ozocubu's Refrige |       |       |     5 |    75 |   277 ||   357
Invok: Potion Petition   |       |       |       |       |     4 ||     4
Evoke: Wand              |       |       |       |    15 |    10 ||    25
  Use: Potion            |       |     2 |     6 |     4 |     4 ||    16
       Scroll            |       |     1 |    11 |     8 |    13 ||    33
 Stab: Sleeping          |     7 |     5 |     6 |     2 |     3 ||    23
       Distracted        |       |       |       |       |     3 ||     3
Armor: Skin              |     5 |    19 |   120 |    75 |   202 ||   421
Dodge: Dodged            |    55 |    89 |   349 |   211 |   396 ||  1100

Table legend: (Time is in decaauts)
 A = Elapsed time spent in this place.
 B = Non-inter-level travel time spent in this place.
 C = Inter-level travel time spent in this place.
 D = Time resting spent in this place.
 E = Time spent auto-exploring this place.
 F = Levels seen in this place.
 G = Mean time per level.
                   A        B        C        D        E       F      G
               +--------+--------+--------+--------+--------+-----+--------+
         Total |  40170 |  39570 |    600 |  15526 |  18778 |  18 | 2231.7 |
       Dungeon |  14481 |  14274 |    207 |   5687 |   5998 |   9 | 1609.0 |
        Temple |    207 |    141 |     66 |      0 |    137 |   1 |  207.0 |
          Lair |  16495 |  16216 |    279 |   7576 |   6815 |   6 | 2749.2 |
   Spider Nest |   8986 |   8938 |     48 |   2263 |   5828 |   2 | 4493.0 |
               +--------+--------+--------+--------+--------+-----+--------+

Top non-repeatable levels by time:
  Lair:3: 5349 daAuts
Spider:1: 4577 daAuts
Spider:2: 4409 daAuts
  Lair:6: 4230 daAuts
     D:2: 2405 daAuts
     D:3: 2316 daAuts
     D:8: 2214 daAuts
  Lair:1: 1938 daAuts
     D:5: 1817 daAuts
  Lair:2: 1778 daAuts
  Lair:4: 1757 daAuts
     D:6: 1536 daAuts
     D:7: 1499 daAuts
  Lair:5: 1439 daAuts
     D:1: 1362 daAuts
